 Dungeon Crawl Stone Soup version 0.31-a0-188-g5e087ee2ca (webtiles) character file.

Game seed: 13029922551601103608

112 qw the Skirmisher (level 4, -4/27 HPs)
             Began as a Deep Elf Hunter on June 23, 2023.
             Shot with an arrow by a centaur (9 damage)
             ... on level 5 of the Dungeon.
             The game lasted 00:00:40 (1417 turns).

qw the Skirmisher (Deep Elf Hunter)                 Turns: 1417, Time: 00:00:40

Health: -4/27      AC:  9    Str:  9    XL:     4   Next: 63%
Magic:  6/6        EV:  9    Int: 13    God:
Gold:   120        SH:  0    Dex: 22    Spells: 3/3 levels left

rFire   . . .        Y - +0 shortbow
rCold   . . .        (shield currently unavailable)
rNeg    . . .        g - +0 scale mail
rPois   .            (no helmet)
rElec   .            (no cloak)
rCorr   .            h - +2 pair of gloves
SInv    .            (no boots)
Will    .....        (no amulet)
Stlth   +            (no ring)
HPRegen 0.24/turn    (no ring)
MPRegen 0.10/turn

%: no passive effects
@: no status effects
A: agile 1, mutation resistance 1, robust 1
a: no special abilities


You were on level 5 of the Dungeon.
You visited 1 branch of the dungeon, and saw 4 of its levels.

You collected 120 gold pieces.


Innate Abilities, Weirdness & Mutations

You are agile. (Dex +4, Str/Int -1)
You are somewhat resistant to further mutation.
You are robust. (+10% HP)


   Skills:
 - Level 1.5 Fighting
 + Level 8.1 Ranged Weapons
 - Level 2.4 Dodging
 - Level 1.2 Stealth


You had 3 spell levels left.
You didn't know any spells.
Your spell library was empty.

Inventory:

Hand Weapons
 Y - a +0 shortbow (weapon)
Armour
 g - a +0 scale mail (worn)
 h - a +2 pair of gloves (worn)
Scrolls
 c - a scroll of immolation {unknown}
Potions
 a - a potion of mutation
 b - a potion of magic {unknown}
 d - a potion of haste {unknown}
 e - a potion of attraction {unknown}

Dungeon Overview and Level Annotations

Branches:
Dungeon (3/15)

Altars:
Vehumet


Message History

You shoot an arrow. The arrow hits the hound.
The hound is severely wounded.
The hound bites you but does no damage. x2
You shoot an arrow. The arrow closely misses the hound.
The hound closely misses you. The hound bites you.
You shoot an arrow.
The arrow hits the hound but does no damage.
The hound is severely wounded.
The hound bites you. The hound bites you but does no damage.
You shoot an arrow. The arrow hits the hound!
You kill the hound!
Your Ranged Weapons skill increases to level 8!
You start resting.
HP restored.
You see here a hound corpse.
c - a scroll labelled MYEXIL UXEZ
Found a falchion and a scale mail.
Found a stone staircase leading down.
Found a stone staircase leading down.
You now have 105 gold pieces (gained 12).
You now have 120 gold pieces (gained 15).
A centaur comes into view.
Found 8 gold pieces.
The centaur wields a +0 orcbow.
The centaur shoots an arrow.
The arrow hits you.
You shoot an arrow. The arrow barely misses the centaur.
The centaur shoots an arrow.
The arrow hits you!
The centaur shoots an arrow.
The arrow hits you.
You shoot an arrow. The arrow hits the centaur.
The centaur is moderately wounded.
The centaur shoots an arrow.
The arrow hits you.
The centaur shoots an arrow.
The arrow barely misses you.
You shoot an arrow. The arrow hits the centaur.
The centaur is heavily wounded.
The centaur shoots an arrow.
The arrow barely misses you.
The centaur shoots an arrow.
The arrow barely misses you.
You shoot an arrow. The arrow hits the centaur!
The centaur is severely wounded.
The centaur shoots an arrow.
The arrow barely misses you.
The centaur shoots an arrow.
The arrow hits you!
You die...

...# ###########...#
.#########.....#......#
.................>....##
.......#...........[...#
.......#.......).......#
.......@...............#
#......#...............#
#......#....>..........#
.......#...............#
$......##..............#
....... ##.....#.....#.#
......c ##..#########.#
.....## #.## #.# #. #.#


You could see a centaur.

Vanquished Creatures
  A hound (D:5)
  3 adders (D:2)
  A worm (D:2)
  A dart slug (D:2)
  6 bats
  2 endoplasms
  A giant cockroach (D:1)
  9 hobgoblins
  4 jackals (D:3)
  6 kobolds
  3 quokkas
  5 ball pythons
  3 frilled lizards
  3 rats (D:2)
48 creatures vanquished.

Notes
Turn   | Place    | Note
-------+----------+-------------------------------------------
     0 | D:1      | qw the Deep Elf Hunter began the quest for the Orb.
     0 | D:1      | Reached XP level 1. HP: 12/12 MP: 3/3
     0 | D:1      | 0 ||| qw: Version: 0.3-a-9-g12657ce
     0 | D:1      | 0 ||| qw: Game counter: 3300
     0 | D:1      | 0 ||| qw: Always use a shield: true
     0 | D:1      | 0 ||| qw: God list: Okawaru
     0 | D:1      | 0 ||| qw: Allow faded altars: false
     0 | D:1      | 0 ||| qw: Do Orc after D:15 true
     0 | D:1      | 0 ||| qw: Do second Lair branch before Depths: true
     0 | D:1      | 0 ||| qw: Lair rune preference: random
     0 | D:1      | 0 ||| qw: Plans: Normal
     0 | D:1      | 0 ||| PLANNING D:1-11
    29 | D:1      | 29 ||| FLEEEEING.
    30 | D:1      | 30 ||| FLEEEEING.
    33 | D:1      | 33 ||| FLEEEEING.
    34 | D:1      | 34 ||| FLEEEEING.
    95 | D:1      | Reached XP level 2. HP: 16/16 MP: 4/4
   105 | D:1      | Reached skill level 6 in Ranged Weapons
   202 | D:1      | HP: 3/16 [ball python (3)]
   612 | D:1      | 612 ||| UPGRADING to +0 scale mail.
   622 | D:1      | 622 ||| DROPPING +0 leather armour.
   623 | D:1      | 623 ||| UPGRADING to +1 pair of gloves.
   628 | D:1      | 628 ||| READING scroll labelled VUN RIUBBUBBOJ.
   632 | D:1      | 632 ||| READING scroll labelled VEUNEA ULYGGE.
   633 | D:1      | 633 ||| READING scroll labelled BYIXKEF BETUM.
   634 | D:1      | 634 ||| DROPPING scroll of butterflies.
   706 | D:2      | 706 ||| READING scroll of enchant armour.
   706 | D:2      | 706 ||| ENCHANTING +1 pair of gloves.
   729 | D:2      | Reached XP level 3. HP: 20/20 MP: 5/5
   757 | D:2      | Reached skill level 7 in Ranged Weapons
   766 | D:2      | Found a radiant altar of Vehumet.
   787 | D:2      | 787 ||| FLEEEEING.
   788 | D:2      | 788 ||| FLEEEEING.
   816 | D:2      | Reached XP level 4. HP: 14/25 MP: 6/6
  1232 | D:2      | 1232 ||| READING scroll labelled LARRUM WUTOO.
  1233 | D:2      | 1233 ||| READING scroll labelled DEQEAP PUHA.
  1234 | D:2      | 1234 ||| DRINKING 2 blue potions.
  1234 | D:2      | Gained mutation: You are robust. (+10% HP) [potion of
                  | mutation]
  1234 | D:2      | Gained mutation: You are agile. (Dex +4, Str/Int -1)
                  | [potion of mutation]
  1234 | D:2      | Gained mutation: You are somewhat resistant to further
                  | mutation. [potion of mutation]
  1295 | D:3      | You fall into a shaft and drop 2 floors!
  1295 | D:5      | Entered Level 5 of the Dungeon
  1315 | D:5      | Reached skill level 8 in Ranged Weapons
  1413 | D:5      | Noticed a centaur
  1415 | D:5      | HP: 4/27 [centaur/arrow (4)]
  1417 | D:5      | Shot with an arrow by a centaur

Levels and vault maps discovered:
D:1:      nzn_arrival_water_spiral, layout_basic
D:2:      layout_basic, basic_altar
D:3:      layout_basic, mainiacjoe_overflow_concentric_impassable,
          lemuel_crystal_altar, ebering_ecumenical_altar_box
D:5:      layout_rooms, nicolae_shop_unique_rings

Skill      XL: |  1  2  3  4 |
---------------+-------------+-----
Ranged Weapons | 6 7 8 |  8.1
Fighting       | |  1.5
Dodging        | |  2.4
Stealth        | |  1.2

Action                     |  1- 3 |  4- 6 || total
---------------------------+-------+-------++-------
   Fire: Shortbow          |   124 |    41 ||   165
    Use: Scroll            |     4 |     2 ||     6
         Potion            |       |     1 ||     1
 Armour: Scale mail        |    25 |    12 ||    37
         Leather armour    |     3 |       ||     3
  Dodge: Dodged            |    33 |     8 ||    41

Table legend:
 A = Non-vault XP
 B = Vault XP
 C = Vault XP percentage of total XP
 D = Non-vault monster count
 E = Vault monster count
 F = Vault count percentage of total count
                 A         B        C        D         E       F
            +---------+---------+-------+---------+---------+-------
      Total |     160 |       0 |   0.0 |      48 |       0 |   0.0
            +---------+---------+-------+---------+---------+-------
        D:1 |      36 |       0 |   0.0 |      21 |       0 |   0.0
        D:2 |      74 |       0 |   0.0 |      22 |       0 |   0.0
        D:3 |       8 |       0 |   0.0 |       4 |       0 |   0.0
        D:5 |      42 |       0 |   0.0 |       1 |       0 |   0.0
            +---------+---------+-------+---------+---------+-------
